 Dungeon Crawl Stone Soup version 0.29-a0-509-g793eeb5391 (webtiles) character file.

Game seed: 2096354533369389101

4018 Essalna the Geomancer (level 10, -1/61 HPs)
             Began as a Gargoyle Earth Elementalist on May 29, 2022.
             Was an Initiate of Ashenzari.
             Slain by a tengu warrior
             ... wielding a +0 glaive
              (2 damage)
             ... on level 8 of the Dungeon.
             The game lasted 00:20:09 (9733 turns).

Essalna the Geomancer (Gargoyle Earth Elementalist) Turns: 9733, Time: 00:20:10

Health: -1/61      AC: 12    Str: 16    XL:     10   Next: 23%
Magic:  15/19      EV: 12    Int: 23    God:    Ashenzari [......]
Gold:   395        SH:  0    Dex: 12    Spells: 15/21 levels left

rFire   + . .      SeeInvis .   k - +0 dagger (elec)
rCold   x . .      Faith    .   p - orb {*channel}
rNeg    + . .      Spirit   .   b - +0 robe
rPois   ∞          Reflect  .   (no helmet)
rElec   +          Harm     .   (no cloak)
rCorr   .          Rampage  .   (no gloves)
Will    +....                   C - +2 pair of boots
Stlth   ++........              g - amulet of the acrobat
HPRegen 0.20/turn               f - ring of willpower
MPRegen 0.16/turn               t - ring "Duic" {Fire Str+3 Int+4 Dex+2}

@: about to teleport
A: sickness immunity, AC +7, negative energy resistance 1, electricity
resistance, torment resistance 1, petrification resistance
a: Renounce Religion


You were on level 8 of the Dungeon.
You worshipped Ashenzari.
Ashenzari was noncommittal.
You visited 2 branches of the dungeon, and saw 9 of its levels.
You also visited: Sewer and Ossuary.

You collected 450 gold pieces.
You spent 55 gold pieces at shops.

Inventory:

Hand Weapons
 d - a +1 long sword
 k - a +0 dagger of electrocution (weapon)
Missiles
 a - 285 stones
Armour
 b - a +0 robe (worn)
 o - an orb of guile
 p - an orb of energy (worn)
 C - a +2 pair of boots (worn)
Magical Staves
 B - a staff of air
Jewellery
 f - a ring of willpower (left hand)
 g - an amulet of the acrobat (around neck)
 s - a ring of flight
 t - the ring "Duic" (right hand) {Fire Str+3 Int+4 Dex+2}
   (You found it on level 3 of the Dungeon)

   [ring of fire]

   It enhances your fire magic.
   Str:       It affects your strength (+3).
   Int:       It affects your intelligence (+4).
   Dex:       It affects your dexterity (+2).
   rF:        It protects you from fire.
   rC:        It makes you vulnerable to cold.
 A - an amulet of guardian spirit
Wands
 v - a wand of acid (16)
 y - a wand of flame (24)
 F - a wand of mindburst (16)
Scrolls
 i - 3 scrolls of teleportation
 l - a scroll of noise
 m - 2 scrolls of enchant weapon
 q - 8 scrolls of identify
 z - a scroll of immolation
Potions
 e - 3 potions of brilliance
 h - 5 potions of berserk rage
 j - 5 potions of curing {unknown}
 n - a potion of invisibility {unknown}
 u - a potion of degeneration {unknown}
 w - 2 potions of mutation {unknown}
 x - 2 potions of magic
 D - 2 potions of flight {unknown}
 E - 2 potions of might {unknown}
 G - a potion of attraction {unknown}


   Skills:
 + Level 6.9 Fighting
 + Level 3.2 Armour
 + Level 3.1 Dodging
 - Level 2.1 Stealth
 + Level 6.4 Spellcasting
 - Level 3.3 Conjurations
 - Level 0.7 Transmutations
 + Level 9.1 Earth Magic
 + Level 5.8 Evocations


You had 15 spell levels left.
You knew the following spells:

 Your Spells              Type           Power      Damage    Failure   Level
a - Sandblast             Erth           98%        2d20      1%          1
b - Passwall              Tmut/Erth      25%        N/A       1%          2
c - Stone Arrow           Conj/Erth      72%        3d11      1%          3

Your spell library contained the following spells:

 Spells                   Type           Power      Damage    Failure   Level
 Magic Dart               Conj           92%        1d7       1%          1
 Apportation              Tloc           14%        N/A       9%          1
 Necrotize                Necr           28%        1d5       9%          1
 Summon Small Mammal      Summ           28%        N/A       9%          1
 Petrify                  Tmut/Erth      30%        N/A       11%         4
 Call Imp                 Summ           7%         N/A       12%         2
 Ensorcelled Hibernation  Hex/Ice        14%        N/A       12%         2
 Mephitic Cloud           Conj/Pois/Air  12%        N/A       16%         3
 Swiftness                Air            7%         N/A       24%         3
 Tukima's Dance           Hex            7%         N/A       24%         3
 Passage of Golubria      Tloc           7%         N/A       63%         4
 Yara's Violent Unravell  Hex/Tmut       4%         3d4       89%         5
 Borgnjor's Revivificati  Necr           3%         N/A       100%        8
 Necromutation            Tmut/Necr      4%         N/A       100%        8
 Death's Door             Necr           3%         N/A       100%        9


Dungeon Overview and Level Annotations

Branches:
Dungeon (8/15)             Temple (1/1) D:4           Sewer (visited)
Ossuary (visited)
   Lair: D:8-11

Altars:
Ashenzari
Cheibriados
Dithmenos
Elyvilon
Fedhas
Gozag
Hepliaklqana
Kikubaaqudgha
Makhleb
Nemelex Xobeh
Okawaru
Qazlal
Ru
Sif Muna
Trog
Uskayaw
Vehumet
Wu Jian
Xom
Yredelemnul
Zin
The Shining One

Shops:
D:4 !

Annotations:
D:8 Maurice


Innate Abilities, Weirdness & Mutations

You are immune to sickness and miasma.
Your stone body is resilient. (AC +7)
You are immune to poison.
You resist negative energy. (rN+)
You are resistant to electric shocks. (rElec)
You are resistant to unholy torment.
You are immune to petrification.


Message History

Maurice gestures wildly while chanting.
Maurice flickers and vanishes!
Deactivating autopickup; reactivate with Ctrl-A.
You are too injured to fight recklessly!
You are too injured to fight recklessly!
There is a strange disturbance nearby!
A tengu warrior comes into view. It is wielding a +0 glaive.
You see here a killer bee corpse.
A tengu warrior is nearby!
A tengu warrior is nearby!
Really walk into that dispersal trap?
You enter a dispersal trap!
The tengu warrior blinks!
You blink.
The tengu warrior hits you from afar with a +0 glaive.
Something barely misses you.
A tengu warrior is nearby!
You miss something.
The tengu warrior hits you from afar with a +0 glaive.
Something hits you.
Something steals your +2 dagger of venom!
You miss something.
The tengu warrior hits you from afar with a +0 glaive!
You hear some strange, mumbled words.
The tengu warrior hits you from afar with a +0 glaive!
* * * LOW HITPOINT WARNING * * *
You hear a zap.
An iceblast appears from out of thin air!
The mass of ice explodes!
The iceblast engulfs you but does no damage.
You see here a bullfrog corpse.
You feel much better.
As you read the scroll of teleportation, it crumbles to dust.
You feel strangely unstable.
The tengu warrior hits you with a +0 glaive!!
* * * LOW HITPOINT WARNING * * *
The tengu warrior pecks you but does no damage.
The tengu warrior claws you but does no damage.
The tengu warrior attacks as you move away!
The tengu warrior hits you but does no damage.
The tengu warrior pecks you.
You die...

.... ....#....... ....
....#....... ... ...........
#.. ##......... ##.#
###..........
#..###........#..# .
#..#.#.....#.##..#
....###.Q{††......_....#
.......@#........#.#..##
##.....####........#...# #..#..
#........##..## ..#.......###.
###..#...##..###
..#.......#.#.........^..#.....
............#.....###.........#
.................. #........#.#
............................###
..............................


You could see a tengu warrior.

Vanquished Creatures
  Pikel (D:4)
  The ghost of zodiitti the Skirmisher, a novice GrBe of Trog (D:5)
  A troll (D:6)
  A hornet (D:7)
  A steam dragon (D:7)
  Menkaure (D:6)
  4 water moccasins
  Pargi (Sewer)
  3 ice beasts
  A lemure (D:3)
  A phantom (D:5)
  2 necrophages
  An elf zombie (Ossuary)
  2 bullfrogs
  3 scorpions (D:5)
  5 wights (D:7)
  4 killer bees (D:8)
  2 howler monkeys (D:8)
  2 centaur zombies
  2 human zombies (Ossuary)
  A jelly (D:8)
  4 hounds
  An orc priest (D:6)
  5 iguanas
  3 mummies
  2 howler monkey skeletons (D:5)
  5 adders
  6 gnolls (D:5)
  2 shadow imps
  2 white imps
  An ufetubus (D:5)
  3 worms
  4 dart slugs
  10 orcs
  11 bats
  6 endoplasms
  6 giant cockroaches
  15 goblins
  9 hobgoblins
  2 jackals (D:1)
  8 kobolds
  3 ball pythons
  A frilled lizard (D:3)
  2 goblin zombies (Ossuary)
  10 hobgoblin zombies (Ossuary)
  2 jackal zombies (Ossuary)
  11 kobold zombies (Ossuary)
  8 orc zombies (Ossuary)
  4 rats
186 creatures vanquished.

Notes
Turn   | Place    | Note
-------+----------+-------------------------------------------
     0 | D:1      | Essalna the Gargoyle Earth Elementalist began the quest for
                  | the Orb.
     0 | D:1      | Reached XP level 1. HP: 10/10 MP: 3/3
    57 | D:1      | Reached XP level 2. HP: 7/15 MP: 0/5
   252 | D:1      | Reached skill level 4 in Earth Magic
   828 | D:1      | Reached XP level 3. HP: 11/19 MP: 6/6
  1157 | D:1      | Learned a level 2 spell: Passwall
  1161 | D:1      | Learned a level 3 spell: Stone Arrow
  1389 | D:2      | Found a faded altar of an unknown god.
  1938 | D:3      | Reached XP level 4. HP: 24/24 MP: 8/8
  2141 | D:3      | Identified the ring "Duic" {Fire Str+3 Int+4 Dex+2}
  2526 | D:3      | Reached skill level 1 in Conjurations
  2600 | D:3      | Found a shimmering blue altar of Sif Muna.
  2985 | D:4      | Noticed Pikel
  2985 | D:4      | Noticed a lemure
  2985 | D:4      | Noticed a lemure
  2985 | D:4      | Noticed a lemure
  2985 | D:4      | Noticed a lemure
  2994 | D:3      | Reached skill level 1 in Fighting
  2998 | D:3      | Killed a lemure
  3174 | D:4      | Found Regre's Distillery.
  3186 | D:4      | Bought a potion of heal wounds for 55 gold pieces
  3250 | D:4      | Reached XP level 5. HP: 29/29 MP: 9/9
  3419 | D:4      | Found a staircase to the Ecumenical Temple.
  3434 | Temple   | Entered the Ecumenical Temple
  3693 | D:4      | Reached skill level 1 in Evocations
  3707 | D:4      | Killed Pikel
  3708 | D:4      | Reached skill level 5 in Earth Magic
  3708 | D:4      | Reached XP level 6. HP: 13/37 MP: 3/12
  3708 | D:4      | Reached XP level 7. HP: 14/41 MP: 3/13
  3928 | D:4      | Found an ancient bone altar of Kikubaaqudgha.
  4005 | D:4      | Reached skill level 6 in Earth Magic
  4178 | D:5      | Entered Level 5 of the Dungeon
  4274 | D:5      | Found a glowing drain.
  4293 | Sewer    | Entered a sewer
  4357 | Sewer    | Reached XP level 8. HP: 46/48 MP: 14/14
  4372 | Sewer    | Noticed Pargi
  4381 | Sewer    | Killed Pargi
  4607 | D:5      | Found a runed translucent gate.
  4607 | D:5      | Found a runed translucent gate.
  4607 | D:5      | Found a runed translucent gate.
  5152 | D:5      | Reached skill level 7 in Earth Magic
  5304 | D:5      | Noticed zodiitti's ghost (novice GrBe)
  5924 | D:6      | Reached skill level 5 in Spellcasting
  5960 | D:6      | Found a snail-covered altar of Cheibriados.
  5966 | D:6      | Found an opulent altar of Gozag.
  5969 | D:6      | Found a shadowy altar of Dithmenos.
  5974 | D:6      | Found a glowing silver altar of Zin.
  5994 | D:6      | Found a sand-covered staircase.
  6001 | D:6      | Reached skill level 5 in Fighting
  6005 | Ossuary  | Entered an ossuary
  6624 | Ossuary  | Reached XP level 9. HP: 54/54 MP: 1/17
  6834 | D:6      | Noticed a troll
  6908 | D:5      | Killed zodiitti's ghost
  6909 | D:5      | Reached skill level 8 in Earth Magic
  7064 | D:6      | Noticed Menkaure
  7070 | D:6      | Killed Menkaure
  7303 | D:6      | Killed a troll
  7304 | D:6      | Reached skill level 1 in Armour
  7304 | D:6      | Reached skill level 5 in Evocations
  7776 | D:6      | Found a hazy altar of Hepliaklqana.
  8186 | D:6      | Found a hide-covered altar of Uskayaw.
  8235 | D:6      | Found a bloodstained altar of Trog.
  8917 | D:7      | Noticed a hornet
  8945 | D:7      | Killed a hornet
  8946 | D:7      | Reached XP level 10. HP: 61/61 MP: 6/19
  9488 | D:7      | Found a basalt altar of Yredelemnul.
  9561 | D:8      | Noticed Maurice
  9575 | D:8      | Found a broken altar of Ashenzari.
  9579 | D:8      | Became a worshipper of Ashenzari the Shackled
  9587 | D:8      | Reached skill level 9 in Earth Magic
  9718 | D:8      | Noticed a tengu warrior
  9727 | D:8      | HP: 2/61 [tengu warrior/+0 glaive (17)]
  9732 | D:8      | HP: 1/61 [tengu warrior/+0 glaive (19)]
  9733 | D:8      | Slain by a tengu warrior

Illustrated notes

Levels and vault maps discovered:
D:1:      dpeg_arrival_arbitrary_b, layout_basic
D:2:      layout_rooms, ebering_ecumenical_altar_ruins, lightli_corner_chamber
D:3:      layout_loops_ring, mainiacjoe_overflow_24_doors, grunt_ministairs_6
D:4:      cheibrodos_quashed, layout_rooms, nicolae_overflow_crystal_walls,
          minmay_temple_entry_large_hall, serial_shops,
          nicolae_shop_advertising_works [nicolae_subvault_shop_adworks],
          kennysheep_generic_room_15, uniq_pikel
D:5:      layout_basic, gammafunk_ghost_necromancy, cheibrodos_sewer_entry_bend,
          minmay_door_square
D:6:      layout_layer_cave, trog_hazing_becter,
          worldfamousw_hep_ancestral_shrine,
          mainiacjoe_overflow_six_doors_small, grunt_temple_overflow_cloverleaf,
          gup_ossuary_entry_pyramid, uniq_menkaure
D:7:      layout_rooms, yredelemnul_altar_generic, grunt_decor_clamped
D:8:      layout_cave_pools, ashenzari_altar_1, uniq_maurice
Temple:   minmay_freezing_vapour_temple

Skill      XL: |  1  2  3  4  5  6  7  8  9 10 |
---------------+-------------------------------+-----
Earth Magic    | 4 5 6 7 8 9 |  9.1
Spellcasting   | 3 4 5 6 |  6.4
Conjurations   | 1 3 |  3.3
Fighting       | 1 3 5 6 |  6.9
Evocations     | 2 3 4 5 |  5.8
Armour         | 2 3 |  3.2
Dodging        | 2 3 |  3.1
Stealth        | |  2.1
Transmutations | |  0.7

Action                   |  1- 3 |  4- 6 |  7- 9 | 10-12 || total
-------------------------+-------+-------+-------+-------++-------
Melee: Long sword        |    23 |       |       |       ||    23
       Dagger            |    97 |    34 |   162 |     3 ||   296
 Cast: Sandblast         |     7 |    28 |    57 |    18 ||   110
       Stone Arrow       |       |     2 |    86 |    10 ||    98
  Use: Potion            |       |     2 |       |     1 ||     3
       Scroll            |       |       |     8 |     2 ||    10
 Stab: Sleeping          |     3 |     2 |     2 |       ||     7
Armor: Robe              |    54 |     7 |    94 |    20 ||   175
Dodge: Dodged            |   113 |    28 |   174 |    28 ||   343

Table legend: (Time is in decaauts)
 A = Elapsed time spent in this place.
 B = Non-inter-level travel time spent in this place.
 C = Inter-level travel time spent in this place.
 D = Time resting spent in this place.
 E = Time spent auto-exploring this place.
 F = Levels seen in this place.
 G = Mean time per level.
                   A        B        C        D        E       F      G
               +--------+--------+--------+--------+--------+-----+--------+
         Total |   9749 |   9090 |    659 |    115 |   7501 |  11 |  886.3 |
       Dungeon |   8558 |   7899 |    659 |    115 |   6563 |   8 | 1069.8 |
        Temple |    176 |    176 |      0 |      0 |    170 |   1 |  176.0 |
         Sewer |    221 |    221 |      0 |      0 |    164 |   1 |  221.0 |
       Ossuary |    793 |    793 |      0 |      0 |    604 |   1 |  793.0 |
               +--------+--------+--------+--------+--------+-----+--------+

Top non-repeatable levels by time:
     D:6: 1730 daAuts
     D:5: 1628 daAuts
     D:1: 1285 daAuts
     D:3: 1151 daAuts
     D:7: 991 daAuts
     D:4: 856 daAuts
 Ossuary: 793 daAuts
     D:2: 741 daAuts
   Sewer: 221 daAuts
  Temple: 176 daAuts
     D:8: 172 daAuts
